Map: Catalyst LE

Players

Pain - Winner!

  • Race: Terran Terran
  • Spawn Location: 11:00

A.I. 1 (Hard)

  • Race: Zerg Zerg
  • Spawn Location: 5:00

VOD

Have the link to the VOD?

Description

Time

  • Played on: March 21, 2018, 7:30 p.m.
  • Length: 14:49
Show
View Real Time Build Order
Export as new Build Order

Pain Terran - Winner!

Build Orders:  

Get SALT Encoding   

  12  0:02  SCV  
  13  0:19  Supply Depot, SCV  
  14  0:31  Refinery  
  14  0:38  SCV  
  14  0:42  Barracks  
  15  0:53  SCV  
  16  1:05  SCV  
  17  1:14  Barracks  
  17  1:18  SCV  
  18  1:29  Supply Depot  
  18  1:31  Orbital Command  
  18  1:42  Barracks Reactor  
  18  2:04  Refinery  
  18  2:21  Barracks Tech Lab  
  18  2:23  Command Center  
  18  2:28  Factory  
  17  2:41  Marauder  
  19  3:02  Marauder  
  19  3:04  Marine  
  19  3:05  Marine  
  23  3:18  Factory Tech Lab  
  23  3:22  Marine x2  
  23  3:24  Marauder  
  23  3:25  Supply Depot  
  27  3:40  Marine, SCV  
  29  3:47  Marauder  
  31  3:53  SCV  
  32  3:58  Siege Tank  
  35  4:03  Concussive Shells  
  35  4:05  SCV  
  36  4:17  SCV  
  36  4:22  Supply Depot  
  37  4:27  SCV  
  37  4:29  SCV  
  39  4:39  SCV  
  39  4:41  SCV  
  39  4:44  Siege Tank  
  44  4:48  Marauder  
  44  4:50  Marine  
  44  4:51  SCV  
  48  4:53  SCV  
  49  5:03  SCV  
  49  5:05  SCV  
  51  5:10  Marauder  
  53  5:15  SCV  
  53  5:17  SCV  
  55  5:27  SCV  
  56  5:29  SCV  
  56  5:31  Marauder  
  59  5:39  SCV  
  60  5:52  Marauder  
  54  6:11  Siege Tank  
  54  6:12  Marine x2  
  54  6:14  Marauder  
  57  6:22  Engineering Bay  
  57  6:30  Marine x2  
  59  6:32  Armory  
  59  6:35  Marauder  
  61  6:47  Marine  
  61  6:51  Marine, Siege Tank  
  61  6:53  Orbital Command  
  66  6:56  SCV  
  66  6:57  Marauder  
  69  7:05  Marine  
  70  7:16  SCV  
  70  7:24  Marine, Marauder, Siege Tank  
  70  7:27  Supply Depot  
  70  7:28  SCV  
  71  7:31  Terran Infantry Weapons Level 1  
  71  7:32  Terran Vehicle Weapons Level 1  
  71  7:37  SCV  
  70  7:40  SCV  
  71  7:45  Marine  
  71  7:46  Marine, Marauder  
  71  7:49  SCV  
  71  7:50  Supply Depot  
  76  7:52  SCV  
  77  8:01  SCV  
  77  8:03  Marine x2  
  77  8:04  SCV  
  81  8:07  Marauder  
  79  8:13  Supply Depot, SCV  
  79  8:17  SCV  
  78  8:21  Marine x2  
  78  8:25  SCV  
  81  8:29  Marauder  
  81  8:39  Marine x2  
  77  8:49  Marine, Siege Tank  
  81  8:56  Refinery  
  81  8:57  Marine x2  
  81  9:00  Refinery  
  83  9:04  Bunker  
  83  9:07  Marine  
  84  9:14  Marine  
  84  9:15  Marine  
  84  9:16  Barracks  
  86  9:20  Factory  
  86  9:21  Siege Tank  
  89  9:25  Terran Infantry Armor Level 1  
  89  9:26  Marauder  
  89  9:27  Terran Vehicle And Ship Armor Level 1  
  89  9:29  Combat Shields  
  91  9:32  Marine x2  
  93  9:47  Marauder  
  95  9:58  Command Center, Marine x2  
  97  10:01  Siege Tank  
  100  10:08  Marine  
  101  10:16  Marine x2  
  103  10:26  Marauder  
  95  10:33  Siege Tank  
  95  10:34  Marine x2  
  99  10:38  Barracks Tech Lab  
  99  10:41  Factory Tech Lab  
  100  10:51  Marine  
  100  10:52  Marine  
  96  11:05  Siege Tank  
  96  11:09  Marine x2, Marauder  
  101  11:13  Unknown  
  101  11:27  Marine x2  
  101  11:30  Marauder  
  100  11:37  Marauder, Siege Tank  
  100  11:39  Siege Tank  
  108  11:45  Marine x2  
  108  11:46  SCV  
  108  11:47  Refinery  
  110  11:52  Marauder  
  112  11:58  Marauder, SCV  
  114  12:03  Marine x2  
  116  12:09  Siege Tank  
  116  12:10  SCV  
  116  12:11  Siege Tank  
  116  12:13  Marauder  
  125  12:19  Marauder  
  125  12:21  Marine x2  
  125  12:24  SCV  
  123  12:33  Terran Infantry Weapons Level 2  
  123  12:34  Marauder  
  123  12:36  SCV  
  126  12:41  Marauder, Siege Tank  
  126  12:43  Marine x2  
  133  12:45  Siege Tank  
  133  12:50  Unknown  
  136  12:56  Marauder  
  138  13:01  Marine x2  
  138  13:02  Marauder  
  139  13:17  Marauder  
  139  13:19  Marine x2  
  143  13:21  Unknown  
  143  13:24  Marauder  
  145  13:28  Unknown  
  145  13:29  Siege Tank x2  
  149  13:37  Marine x2  
  149  13:39  Marauder  
  152  13:45  Unknown, Marauder  
  153  13:55  Marine x2  
  155  14:00  Marauder  
  157  14:15  Supply Depot  
  157  14:37  Supply Depot  
Show
View Real Time Build Order
Export as new Build Order

A.I. 1 (Hard) Zerg 

Build Orders: Hatch First 

Get SALT Encoding   

  12  0:01  Drone  
  13  0:12  Overlord  
  13  0:17  Drone  
  14  0:31  Drone  
  14  0:32  Drone  
  14  0:34  Drone  
  17  0:53  Hatchery  
  17  0:55  Drone  
  17  1:10  Spawning Pool  
  16  1:12  Drone  
  16  1:15  Drone  
  18  1:18  Extractor  
  18  1:21  Drone  
  18  1:28  Overlord  
  18  1:38  Drone  
  19  1:58  Queen  
  19  2:00  Zergling x4  
  23  2:02  Roach Warren  
  23  2:05  Drone  
  23  2:07  Extractor  
  22  2:11  Drone  
  23  2:24  Drone  
  24  2:36  Overlord  
  24  2:42  Roach x2  
  24  2:44  Roach  
  30  2:45  Roach  
  32  2:52  Roach  
  32  2:56  Drone  
  35  3:03  Drone  
  36  3:06  Overlord  
  36  3:12  Lair  
  36  3:28  Drone  
  36  3:30  Drone  
  38  3:35  Drone  
  38  3:36  Drone  
  40  3:44  Evolution Chamber  
  40  3:45  Drone  
  40  3:51  Evolution Chamber, Ravager  
  40  3:55  Drone  
  41  4:10  Extractor  
  41  4:12  Hydralisk Den  
  41  4:13  Drone  
  41  4:16  Overlord  
  40  4:19  Drone  
  40  4:22  Drone  
  42  4:25  Drone  
  42  4:29  Drone  
  44  4:31  Drone  
  44  4:34  Drone  
  44  4:37  Drone  
  47  4:40  Drone  
  47  4:42  Hydralisk  
  50  4:45  Overlord  
  50  4:48  Drone  
  50  4:51  Drone  
  52  4:53  Drone  
  52  4:56  Drone  
  52  4:58  Drone  
  55  5:04  Drone  
  56  5:07  Zerg Melee Weapons Level 1  
  56  5:09  Drone  
  56  5:11  Hydralisk  
  56  5:12  Overlord  
  56  5:13  Drone  
  60  5:15  Drone  
  60  5:20  Drone  
  62  5:25  Zerg Ground Armor Level 1  
  62  5:26  Drone  
  63  5:31  Drone  
  64  5:36  Burrow, Drone  
  64  5:42  Drone  
  65  5:43  Overlord, Hydralisk  
  65  5:44  Drone  
  65  5:47  Drone  
  69  5:53  Drone  
  70  5:59  Roach  
  67  6:08  Extractor  
  67  6:10  Drone  
  56  6:14  Zergling x2  
  56  6:17  Overlord  
  55  6:29  Roach  
  55  6:30  Drone  
  55  6:32  Drone  
  57  6:36  Overlord  
  56  6:43  Queen, Hydralisk  
  56  6:44  Overseer  
  58  6:49  Overseer  
  58  6:54  Spore Crawler, Drone  
  57  6:55  Drone  
  57  6:57  Baneling Nest  
  57  6:58  Spore Crawler, Drone  
  57  6:59  Roach  
  57  7:00  Drone  
  60  7:02  Zerg Missile Weapons Level 1  
  60  7:04  Spore Crawler  
  60  7:05  Drone  
  60  7:06  Drone, Spore Crawler  
  60  7:07  Drone  
  59  7:10  Drone  
  59  7:13  Drone  
  59  7:14  Roach x2  
  58  7:18  Drone  
  58  7:19  Queen  
  58  7:20  Drone  
  58  7:21  Drone  
  57  7:23  Drone  
  57  7:27  Drone  
  57  7:29  Roach, Spine Crawler  
  59  7:36  Spine Crawler  
  56  7:38  Drone  
  56  7:43  Hydralisk  
  53  7:46  Drone  
  53  7:49  Drone  
  52  7:51  Overseer  
  52  7:56  Drone  
  48  7:58  Hydralisk  
  48  8:04  Drone  
  46  8:05  Drone  
  46  8:07  Drone  
  46  8:08  Drone  
  46  8:10  Drone  
  46  8:14  Queen, Roach  
  46  8:16  Spine Crawler  
  46  8:18  Hydralisk  
  47  8:22  Drone  
  47  8:25  Drone  
  49  8:27  Drone  
  49  8:28  Drone  
  49  8:29  Roach  
  49  8:30  Drone x3  
  49  8:33  Drone  
  54  8:40  Drone  
  53  8:44  Drone, Zergling x2  
  53  8:45  Spine Crawler  
  54  8:50  Drone  
  54  8:55  Drone  
  56  8:56  Queen  
  56  8:59  Ravager  
  56  9:01  Drone  
  60  9:03  Ravager  
  60  9:05  Roach  
  63  9:11  Queen  
  63  9:12  Overlord  
  63  9:15  Infestation Pit  
  63  9:16  Drone  
  65  9:20  Roach  
  65  9:24  Spire  
  66  9:33  Pneumatized Carapace, Roach, Overseer  
  66  9:37  Overlord  
  66  9:38  Roach  
  70  9:42  Roach  
  70  9:44  Hatchery  
  71  9:46  Roach  
  71  9:50  Roach  
  75  9:54  Hydralisk  
  75  9:56  Zerg Melee Weapons Level 2  
  75  9:58  Hydralisk  
  79  10:03  Hydralisk  
  79  10:04  Zerg Ground Armor Level 2  
  81  10:07  Infestor  
  81  10:12  Roach  
  85  10:15  Pathogen Glands  
  85  10:16  Infestor  
  85  10:20  Infestor  
  89  10:25  Roach  
  72  10:29  Roach  
  72  10:34  Zergling x2  
  71  10:38  Glial Reconstitution, Roach  
  75  10:42  Roach  
  75  10:47  Roach  
  75  10:48  Zerg Flyer Weapons Level 1  
  73  10:51  Roach  
  73  10:55  Roach  
  71  10:59  Hydralisk  
  71  11:01  Overseer  
  72  11:04  Roach  
  72  11:07  Extractor  
  72  11:08  Hydralisk  
  72  11:11  Extractor  
  60  11:13  Roach  
  60  11:15  Overseer  
  60  11:17  Zergling x2  
  59  11:21  Roach  
  59  11:25  Infestor  
  56  11:30  Roach  
  56  11:32  Overseer  
  49  11:34  Drone, Roach  
  49  11:37  Drone  
  49  11:38  Hydralisk  
  48  11:41  Drone  
  38  11:47  Drone  
  38  11:49  Drone  
  38  11:53  Drone  
  34  11:58  Drone  
  34  12:04  Drone  
  31  12:12  Roach  
  29  12:16  Drone  
  24  12:23  Roach  
  24  12:28  Drone, Roach  
  25  12:32  Drone  
  26  12:40  Hydralisk  
  28  12:50  Drone  
  24  12:54  Drone  
  24  13:07  Drone, Overseer  
  21  13:16  Drone  
  21  13:17  Corruptor  
  20  13:32  Drone  
  19  13:34  Drone  
  14  13:51  Queen  
  14  13:52  Spawning Pool  
  9  14:08  Corruptor  
  9  14:35  Drone  
Tags
 
Matchup
TvZ
Replay Pack
RP
Spawn Locations
Cross Positions
Add a new tag
Caveats
  • Supply blocks, unpowered buildings, or Contaminate may cause inaccurate times.
  • Supply counts are checked every 10 seconds.